 Dungeon Crawl Stone Soup version 0.30-a0-779-g7971cf19c3 (webtiles) character file.

Game seed: 6445260286575797797

56 Leeroy the Slasher (level 3, 0/18 HPs)
             Began as a Vine Stalker Warper on Feb 17, 2023.
             Succumbed to an adder's poison
             ... on level 2 of the Dungeon.
             The game lasted 00:03:38 (1443 turns).

Leeroy the Slasher (Vine Stalker Warper)            Turns: 1443, Time: 00:03:39

Health: 0/18       AC:  3    Str: 13    XL:     3   Next: 97%
Magic:  2/7        EV: 11    Int: 13    God:
Gold:   87         SH:  0    Dex: 15    Spells: 6/6 levels left

rFire   . . .      SeeInvis .    i - +0 long sword
rCold   . . .      Faith    .    (no shield)
rNeg    . . .      Spirit   +    b - +0 leather armour
rPois   .          Reflect  .    (no helmet)
rElec   .          Harm     .    (no cloak)
rCorr   .          Rampage  .    (no gloves)
Will    .....                    (no boots)
Stlth   +                        (no amulet)
HPRegen 0.23/turn                (no ring)
MPRegen 0.10/turn                (no ring)

@: lethally poisoned (0 -> -3)
A: fangs 2, magic shield, antimagic bite, no potion heal 2
a: no special abilities


You were on level 2 of the Dungeon.
You visited 1 branch of the dungeon, and saw 3 of its levels.

You collected 87 gold pieces.

Inventory:

Hand Weapons
 a - a +0 falchion
 i - a +0 long sword (weapon)
 p - a +0 long sword
Missiles
 d - 11 boomerangs of dispersal (quivered)
Armour
 b - a +0 leather armour (worn)
Scrolls
 e - 4 scrolls of identify {unknown}
 g - 2 scrolls of teleportation {unknown}
 k - a scroll of amnesia {unknown}
 l - a scroll of vulnerability {unknown}
 n - a scroll of fog {unknown}
 o - a scroll of magic mapping {unknown}
Potions
 f - a potion of heal wounds {unknown}
 j - a potion of mutation {unknown}
 m - a potion of ambrosia {unknown}


   Skills:
 - Level 1.7 Fighting
 - Level 3.7 Long Blades
 - Level 0.8 Throwing
 - Level 0.7 Armour
 + Level 1.6 Dodging
 - Level 2.1 Spellcasting
 - Level 3.0 Translocations


You had 6 spell levels left.
You didn't know any spells.
Your spell library contained the following spells:

 Spells                   Type           Power      Damage    Failure   Level
 Blink                    Tloc           18%        N/A       14%         2
 Lesser Beckoning         Tloc           18%        N/A       14%         2
 Teleport Other           Tloc           9%         N/A       28%         3
 Vhi's Electric Charge    Tloc/Air       10%        N/A       45%         3
 Manifold Assault         Tloc           9%         N/A       67%         4


Dungeon Overview and Level Annotations

Branches:
Dungeon (3/15)

Altars:

Shops:
D:3 :((*


Innate Abilities, Weirdness & Mutations

You have extremely sharp teeth.
When hurt, damage is shared between your health and your magic reserves.
Your bite disrupts and absorbs the magic of your enemies.
Potions cannot restore your health.


Message History

You now have 87 gold pieces (gained 10).
A worm is nearby!
Found a long sword.
Okay, then.
You see here a +0 long sword.
p - a +0 long sword You start resting.
A worm is nearby!
An adder comes into view.
The adder bites you but does no damage.
You barely miss the adder. The adder barely misses you.
You barely miss the adder. Your bite misses the adder.
The adder bites you but does no damage. x2
You closely miss the adder. The adder barely misses you. The adder bites you.
You are poisoned.
The adder poisons you!
You closely miss the adder.
You feel sick. The adder closely misses you.
You closely miss the adder.
You feel sick. The adder barely misses you. The adder bites you.
You are lethally poisoned!
The adder poisons you!
Okay, then.
It was a potion of lignification.
You turn into a tree.
Your +0 leather armour melds into your body.
Your roots penetrate the ground.
You feel sick. The adder bites you but does no damage. The worm bites you.
* * * LOW HITPOINT WARNING * * *
Okay, then.
You miss the adder.
* * * LOW HITPOINT WARNING * * *
You feel sick.
The adder bites you but does no damage. x2
You barely miss the adder.
You feel sick. The adder bites you but does no damage. The worm bites you.
* * * LOW HITPOINT WARNING * * *
It was a potion of cancellation.
Your magical effects are unravelling.
You feel magically purged.
You feel less wooden.
Your +0 leather armour unmelds from your body.
You die...

#######.### #.#.. .#
#.#.# .# #.#.# .#
#######.#.# .#
.......#..# .#
#######.### .# # #.#
#####S# #.# #.Kw@.# #.#
#.##### #.# #.#
##.#####.####
##.[.##...w..#######
####.....###...........
#.'...8...+..##.######
#.###...#######w#
##.###...# #.#


You could see a worm, an adder and a kobold.

Vanquished Creatures
  A gnoll (D:3)
  An adder (D:3)
  A worm (D:3)
  A dart slug (D:1)
  2 orcs
  6 endoplasms
  2 giant cockroaches
  5 goblins
  A hobgoblin (D:1)
  3 jackals (D:1)
  2 quokkas (D:1)
  2 ball pythons
  4 kobolds
  3 rats
34 creatures vanquished.

Notes
Turn   | Place    | Note
-------+----------+-------------------------------------------
     0 | D:1      | Leeroy the Vine Stalker Warper began the quest for the Orb.
     0 | D:1      | Reached XP level 1. HP: 11/11 MP: 4/4
   229 | D:1      | Reached XP level 2. HP: 15/15 MP: 6/6
   618 | D:2      | Reached XP level 3. HP: 18/18 MP: 7/7
   662 | D:3      | Found Cuirghite's Weapon Shop.
   662 | D:3      | Found Geahotza's Book Shop.
   662 | D:3      | Found Areluw's Weapon Boutique.
   940 | D:3      | Found Lydept's General Store.
  1443 | D:2      | Succumbed to an adder's poison

Illustrated notes

Levels and vault maps discovered:
D:1:      dpeg_arrival_simpleton_a, layout_basic
D:2:      layout_loops_ring, grunt_ministairs_15, hex_medium
D:3:      minmay_diamond_boxcup, layout_loops_ring, minitemple, serial_shops,
          shop, shop, shop, nicolae_shop_window_shopping, shop, minmay_quantized

Skill      XL: |  1  2 |
---------------+-------+-----
Long Blades    | 2 3 |  3.7
Fighting       | |  1.7
Throwing       | |  0.8
Armour         | |  0.7
Dodging        | |  1.6
Spellcasting   | |  2.1
Translocations | |  3.0

Action                     || total
---------------------------++-------
  Melee: Falchion          ||    25
         Bite              ||    24
         Long sword        ||    81
    Use: Scroll            ||     1
         Potion            ||     3
   Stab: Sleeping          ||     1
         Invisible         ||     1
 Armour: Leather armour    ||    30
         Skin              ||     4
  Dodge: Dodged            ||    64

Table legend: (Time is in decaauts)
 A = Elapsed time spent in this place.
 B = Non-inter-level travel time spent in this place.
 C = Inter-level travel time spent in this place.
 D = Time resting spent in this place.
 E = Time spent auto-exploring this place.
 F = Levels seen in this place.
 G = Mean time per level.
                   A        B        C        D        E       F      G
               +--------+--------+--------+--------+--------+-----+--------+
         Total |   1468 |   1468 |      0 |    275 |    691 |   3 |  489.3 |
       Dungeon |   1468 |   1468 |      0 |    275 |    691 |   3 |  489.3 |
               +--------+--------+--------+--------+--------+-----+--------+

Top non-repeatable levels by time:
     D:2: 532 daAuts
     D:1: 487 daAuts
     D:3: 449 daAuts
